 Dungeon Crawl Stone Soup version 0.31-a0-229-g1fc7ce93e2 (webtiles) character file.

Game seed: 3980964087725938538

30 qw the Shooter (level 3, -2/21 HPs)
             Began as a Gargoyle Hexslinger on July 6, 2023.
             Slain by a worm (3 damage)
             ... on level 2 of the Dungeon.
             The game lasted 00:00:20 (552 turns).

qw the Shooter (Gargoyle Hexslinger)                 Turns: 552, Time: 00:00:21

Health: -2/21      AC:  6    Str: 11    XL:     3   Next: 20%
Magic:  4/4        EV: 11    Int: 13    God:
Gold:   27         SH:  0    Dex: 14    Spells: 3/4 levels left

rFire   + . .        Y - +1 sling
rCold   . . .        (no shield)
rNeg    + . .        g - +0 leather armour
rPois   inf          (no helmet)
rElec   +            (no cloak)
rCorr   .            (no gloves)
SInv    .            (no boots)
Will    .....        (no amulet)
Stlth   +            h - ring of protection from fire
HPRegen 0.23/turn    (no ring)
MPRegen 0.09/turn

%: no passive effects
@: no status effects
A: sickness immunity, AC +3, negative energy resistance 1, electricity
resistance, torment resistance 1, petrification resistance
a: no special abilities


You were on level 2 of the Dungeon.
You visited 1 branch of the dungeon, and saw 2 of its levels.

You collected 84 gold pieces.
You spent 57 gold pieces at shops.


Innate Abilities, Weirdness & Mutations

You are immune to sickness and miasma.
Your stone body is resilient. (AC +3)
You are immune to poison.
You resist negative energy. (rN+)
You are resistant to electric shocks. (rElec)
You are resistant to unholy torment.
You are immune to petrification.


   Skills:
 - Level 2.0 Fighting
 + Level 3.2 Ranged Weapons
 - Level 1.5 Dodging
 - Level 1.0 Spellcasting
 - Level 2.6 Hexes


You had 3 spell levels left.
You knew the following spells:

 Your Spells              Type           Power      Damage    Failure   Level
a - Slow                  Hex            28%        N/A       12%         1

Your spell library contained the following spells:

 Spells                   Type           Power      Damage    Failure   Level
 Inner Flame              Hex/Fire       4%         N/A       54%         3
 Portal Projectile        Hex/Tloc       8%         N/A       54%         3
 Cause Fear               Hex            3%         N/A       77%         4

Inventory:

Hand Weapons
 Y - a +1 sling (weapon)
Armour
 g - a +0 leather armour (worn)
Jewellery
 h - a ring of protection from fire (left hand)
Potions
 e - a potion of heal wounds {unknown}
 f - a potion of berserk rage {unknown}
 j - a potion of brilliance {unknown}
 k - a potion of attraction {unknown}
 l - a potion of might
 m - a potion of curing {unknown}

Dungeon Overview and Level Annotations

Branches:
Dungeon (2/15)

Altars:

Shops:
D:1 *


Message History

2 worms come into view.
You shoot a sling bullet. The sling bullet hits the worm.
The worm is moderately wounded.
You shoot a sling bullet. The sling bullet hits the worm.
The worm is moderately wounded.
You shoot a sling bullet. The sling bullet hits the worm.
The worm is heavily wounded.
The worm bites you.
You shoot a sling bullet. The sling bullet hits the worm.
The worm is heavily wounded.
The worm barely misses you.
You shoot a sling bullet. The sling bullet hits the worm.
The worm is almost dead.
You hear an angry hiss.
A ball python comes into view.
You shoot a sling bullet.
The sling bullet barely misses the worm.
The sling bullet hits the worm!
The worm is moderately wounded.
You shoot a sling bullet.
The sling bullet barely misses the worm.
The worm bites you. x2
The ball python bites you but does no damage.
The ball python grabs you. The ball python constricts you.
You shoot a sling bullet.
The sling bullet barely misses the ball python.
The ball python closely misses you. The ball python constricts you.
The worm bites you but does no damage. x2
You shoot a sling bullet.
The sling bullet barely misses the ball python.
The ball python bites you but does no damage.
The ball python constricts you. The ball python closely misses you.
The ball python constricts you. The worm barely misses you.
The worm bites you but does no damage.
You shoot a sling bullet. The sling bullet hits the ball python.
You kill the ball python!
You shoot a sling bullet.
The sling bullet barely misses the worm.
The worm bites you! The worm bites you.
You die...

#.....##########
#..............#
#..............#
#####..........###..
#######...............
.................#######
........######..........
........# #..........
........# #..@w......
........# ###w#######
....<...# ... ........#
..... ........# #......
........# #.......
........# #........
......... ....#####.
..........


You could see 2 worms.

Vanquished Creatures
  5 endoplasms (D:1)
  A giant cockroach (D:1)
  4 goblins (D:1)
  A hobgoblin (D:1)
  2 jackals (D:1)
  A quokka (D:1)
  3 ball pythons
  2 bats (D:1)
  3 frilled lizards (D:1)
  3 kobolds (D:1)
  2 rats (D:1)
27 creatures vanquished.

Notes
Turn   | Place    | Note
-------+----------+-------------------------------------------
     0 | D:1      | qw the Gargoyle Hexslinger began the quest for the Orb.
     0 | D:1      | Reached XP level 1. HP: 12/12 MP: 2/2
     0 | D:1      | 0 ||| qw: Version: 0.3-a-46-gb1f654a
     0 | D:1      | 0 ||| qw: Game counter: 1218
     0 | D:1      | 0 ||| qw: Melee chars always use a shield: true
     0 | D:1      | 0 ||| qw: God list: Okawaru
     0 | D:1      | 0 ||| qw: Allow faded altars: false
     0 | D:1      | 0 ||| qw: Do Orc after clearing Dungeon:15 true
     0 | D:1      | 0 ||| qw: Do second Lair branch before Depths: true
     0 | D:1      | 0 ||| qw: Lair rune preference: random
     0 | D:1      | 0 ||| qw: Goals: Normal
     0 | D:1      | 0 ||| PLANNING D:1-11
   116 | D:1      | Reached XP level 2. HP: 16/16 MP: 3/3
   162 | D:1      | Reached skill level 3 in Ranged Weapons
   220 | D:1      | Reached XP level 3. HP: 21/21 MP: 4/4
   429 | D:1      | Found Asuil's Assorted Antiques.
   437 | D:1      | 437 ||| BUYING 2 black potions (57 gold).
   437 | D:1      | Bought 2 black potions for 57 gold pieces
   437 | D:1      | 437 ||| SHOPLISTING 2 yellow potions (57 gold, have 21).
   437 | D:1      | 437 ||| SHOPLISTING bubbling orange potion (28 gold, have
                  | 21).
   437 | D:1      | 437 ||| SHOPLISTING grey potion (28 gold, have 21).
   437 | D:1      | 437 ||| SHOPLISTING worn gold wand (128 gold, have 21).
   456 | D:1      | 456 ||| UPGRADING to +0 leather armour.
   466 | D:1      | 466 ||| DROPPING +0 robe.
   467 | D:1      | 467 ||| UPGRADING to ring of protection from fire.
   468 | D:1      | 468 ||| READING scroll labelled VEERIU YHIL.
   469 | D:1      | 469 ||| READING scroll labelled YFIXOE SODOA.
   485 | D:1      | 485 ||| DRINKING 2 black potions.
   486 | D:1      | 486 ||| DROPPING scroll of poison.
   552 | D:2      | HP: 1/21 [worm (8)]
   552 | D:2      | Slain by a worm

Levels and vault maps discovered:
D:1:      heliophobic_arrival_dark_side_of_the_moon, layout_rooms, serial_shops,
          shop
D:2:      layout_basic, basic_altar, chequers_serial_rivers_micro_e,
          uniq_crazy_yiuf_cottage

Skill      XL: |  1  2 |
---------------+-------+-----
Ranged Weapons | 3 |  3.2
Fighting       | 2 |  2.0
Dodging        | |  1.5
Spellcasting   | |  1.0
Hexes          | |  2.6

Action                     || total
---------------------------++-------
   Fire: Sling             ||    92
    Use: Scroll            ||     2
         Potion            ||     1
 Armour: Robe              ||     6
         Leather armour    ||     6
  Dodge: Dodged            ||    20

Table legend:
 A = Non-vault XP
 B = Vault XP
 C = Vault XP percentage of total XP
 D = Non-vault monster count
 E = Vault monster count
 F = Vault count percentage of total count
                 A         B        C        D         E       F
            +---------+---------+-------+---------+---------+-------
      Total |      44 |       0 |   0.0 |      27 |       0 |   0.0
            +---------+---------+-------+---------+---------+-------
        D:1 |      40 |       0 |   0.0 |      25 |       0 |   0.0
        D:2 |       4 |       0 |   0.0 |       2 |       0 |   0.0
            +---------+---------+-------+---------+---------+-------
